 Dungeon Crawl Stone Soup version 0.20.0-8-g6b59dc7 (webtiles) character file.

184 miragecloak the Changer (level 5, -1/49 HPs)
             Began as an Octopode Transmuter on June 2, 2017.
             Succumbed to a scorpion's poison
             ... on level 4 of the Dungeon.
             The game lasted 00:03:02 (3509 turns).

miragecloak the Changer (Octopode Transmuter)       Turns: 3509, Time: 00:03:02

Health: -1/49      AC:  2    Str: 14    XL:     5   Next: 64%
Magic:  6/8        EV: 20    Int: 15    God:
Gold:   67         SH:  0    Dex: 19    Spells: 4/8 levels left

rFire    . . .     SeeInvis .     - Unarmed
rCold    . . .     Gourm    .   (shield currently unavailable)
rNeg     . . .     Faith    .   (helmet currently unavailable)
rPois    x         Spirit   .   (no amulet)
rElec    .         Reflect  .   (no ring)
rCorr    .         Harm     .   (no ring)
MR       .....                  (no ring)
Stlth    ..........             (no ring)
Regen    0.2/turn               (no ring)
MPRegen  0.2/turn               (no ring)
                                (no ring)
                                (no ring)

@: berserking, lethally poisoned (-1 -> -31), spider-form, very quick
A: almost no armour, stealthy swim, (amphibious), 8 rings, (constrict 8)
a: End Transformation


You were on level 4 of the Dungeon.
You were not hungry.
You were a venomous arachnid creature.
You visited 1 branch of the dungeon, and saw 4 of its levels.

You collected 179 gold pieces.
You spent 112 gold pieces at shops.

Inventory:

Missiles
 a - 57 arrows
Jewellery
 h - a +2 ring of intelligence {unknown}
Scrolls
 d - 2 scrolls of identify {unknown}
 e - a scroll of immolation {unknown}
 i - 3 scrolls of recharging {unknown}
 k - 2 scrolls of remove curse {unknown}
 l - a scroll of fear {unknown}
 m - a scroll of magic mapping {unknown}
 o - a scroll of blinking {unknown}
 s - a scroll of amnesia {unknown}
Potions
 g - 3 potions of berserk rage
 n - a potion of agility {unknown}
 q - a potion of heal wounds {unknown}
 r - 2 potions of might {unknown}
 t - a potion of curing {unknown}
Books
 b - a book of Changes

   Spells                             Type                      Level
   a - Beastly Appendage              Transmutation                1
   b - Sticks to Snakes               Transmutation                2
   c - Spider Form                    Transmutation/Poison         3
   d - Ice Form                       Ice/Transmutation            4
   e - Blade Hands                    Transmutation                5
Comestibles
 c - 3 bread rations
 f - 2 meat rations
 j - 2 fruits


   Skills:
 - Level 1.0 Fighting
 - Level 2.0 Dodging
 - Level 3.0 Unarmed Combat
 - Level 2.0 Spellcasting
 - Level 4.4 Transmutations
 + Level 4.0 Poison Magic


You had 4 spell levels left.
You knew the following spells:

 Your Spells              Type           Power        Failure   Level  Hunger
a - Beastly Appendage     Tmut           ##....       12%         1    #......
b - Spider Form           Tmut/Pois      ##........   28%         3    ###....


Dungeon Overview and Level Annotations

Branches:
Dungeon (4/15)
 Temple: D:4-7

Altars:
Gozag
Makhleb
Vehumet
Xom
Zin

Shops:
D:4 *


Innate Abilities, Weirdness & Mutations

You cannot wear most types of armour.
You are very stealthy in the water. (Stealth+)
((You are amphibious.))
You can wear up to eight rings at the same time.
((You can use your tentacles to constrict eight enemies at once.))
((Your skin changes colour to match your surroundings (Stealth+).))
((Your rubbery body absorbs attacks. (AC +1, EV +1)))


Message History

The scorpion stings you.
You are more poisoned.
The scorpion poisons you!
You hit the scorpion but do no damage.
The scorpion is lightly wounded.
You feel very sick. The scorpion stings you!
* * * LOW HITPOINT WARNING * * *
You are too injured to fight recklessly!
* * * LOW HITPOINT WARNING * * *
You feel very sick.
You barely miss the scorpion.
The scorpion is heavily wounded.
* * * LOW HITPOINT WARNING * * *
You feel very sick. The scorpion barely misses you.
It was a potion of berserk rage.
A red film seems to cover your vision as you go berserk!
You feel yourself moving faster!
You feel mighty!
You die...

#.......### #.#
#......<..# #.#
######.>###.# #.#
#.....#.###.# #.#
#.##.###..#.# #.#
......#.#.#.###.#
#.#.............##
#........†..####.##
###.#####.#####.s.##
#.##....# #..s..#
#.##.##.#
#...........
#.##.##.#
##.....#.###
#.......# ##...##...
###...### ##... ###
#...# ###.# #...# .#
#####...#### ..


You could see a scorpion.

Vanquished Creatures
  A scorpion (D:2)
  Natasha (D:4)
  A worker ant zombie (D:3)
  2 adders (D:3)
  A worm (D:2)
  2 dart slugs
  2 leopard geckos
  5 orcs (D:3)
  A ball python (D:4)
  A giant cockroach (D:1)
  9 goblins
  7 hobgoblins
  2 jackals (D:3)
  A ball python zombie (D:3)
  9 bats
  5 frilled lizards
  A giant cockroach zombie (D:3)
  8 kobolds
  A quokka skeleton (D:3)
  5 rats
65 creatures vanquished.

Notes
Turn   | Place    | Note
-------+----------+-------------------------------------------
     0 | D:1      | miragecloak the Octopode Transmuter began the quest for the Orb.
     0 | D:1      | Reached XP level 1. HP: 13/13 MP: 3/3
   257 | D:1      | Reached XP level 2. HP: 14/18 MP: 3/5
   959 | D:2      | Noticed a scorpion
   968 | D:2      | Killed a scorpion
   968 | D:2      | Reached XP level 3. HP: 8/23 MP: 4/6
   968 | D:2      | Reached XP level 4. HP: 10/28 MP: 4/7
   994 | D:2      | Learned a level 3 spell: Spider Form
  1411 | D:2      | Found a radiant altar of Vehumet.
  1417 | D:2      | Found a shimmering altar of Xom.
  1536 | D:2      | Reached skill level 1 in Poison Magic
  2238 | D:3      | Found a faded altar of an unknown god.
  2577 | D:3      | Reached XP level 5. HP: 23/33 MP: 5/8
  2990 | D:3      | Found a glowing silver altar of Zin.
  2992 | D:3      | Found an opulent altar of Gozag.
  3123 | D:3      | Found a burning altar of Makhleb.
  3361 | D:4      | Found Gaxt's Assorted Antiques.
  3369 | D:4      | Bought a yellow potion for 27 gold pieces
  3369 | D:4      | Bought a dark potion for 27 gold pieces
  3369 | D:4      | Bought a scroll labeled EPEIFUALIO for 31 gold pieces
  3369 | D:4      | Bought a white potion for 27 gold pieces
  3399 | D:4      | Noticed Natasha
  3408 | D:4      | Killed Natasha
  3508 | D:4      | HP: 1/33 [poisoned by a scorpion]
  3509 | D:4      | Succumbed to a scorpion's poison

Skill      XL: |  1  2  3  4  5 |
---------------+----------------+-----
Transmutations | 4 |  4.4
Poison Magic   | 2 4 |  4.0
Fighting       | |  1.0
Dodging        | |  2.0
Unarmed Combat | |  3.0
Spellcasting   | |  2.0

Action                   |  1- 3 |  4- 6 || total
-------------------------+-------+-------++-------
Melee: Unarmed           |    50 |   123 ||   173
       Constrict         |    15 |     7 ||    22
       Kick              |    10 |     4 ||    14
       Tentacles         |     5 |     8 ||    13
       Punch             |     1 |       ||     1
 Cast: Beastly Appendage |    24 |     2 ||    26
       Spider Form       |       |    27 ||    27
  Use: Potion            |       |     1 ||     1
 Stab: Sleeping          |     4 |     2 ||     6
  Eat: Chunk             |       |    13 ||    13
Armor: Skin              |     9 |     6 ||    15
Dodge: Dodged            |    35 |    87 ||   122
